 Dungeon Crawl Stone Soup version 0.29-a0-813-g4a14ea37d6 (webtiles) character file.

Game seed: 1014356272932057023

335 Mgcat the Trooper (level 6, -3/66 HPs)
             Began as an Ogre Fighter on July 4, 2022.
             Slain by a gnoll sergeant
             ... wielding a +0 trident
              (13 damage)
             ... on level 5 of the Dungeon.
             The game lasted 00:06:28 (4762 turns).

Mgcat the Trooper (Ogre Fighter)                    Turns: 4762, Time: 00:06:28

Health: -3/66      AC:  4    Str: 27    XL:     6   Next: 53%
Magic:  6/6        EV:  8    Int:  8    God:
Gold:   198        SH:  7    Dex:  7    Spells: 5/5 levels left

rFire   + . .      SeeInvis .   a - +0 war axe
rCold   . . .      Faith    .   c - +0 kite shield
rNeg    + . .      Spirit   .   b - +0 robe
rPois   .          Reflect  .   (helmet restricted)
rElec   .          Harm     .   h - +0 cloak
rCorr   .          Rampage  .   (gloves unavailable)
Will    .....                   (boots unavailable)
Stlth   +.........              k - amulet of the acrobat
HPRegen 0.21/turn               j - ring of protection from fire {rF+, !d}
MPRegen 0.10/turn               m - ring of positive energy {rN+}

@: mighty
A: large, unfitting armour, tough skin 1, horns 1, strong 1
a: no special abilities


You were on level 5 of the Dungeon.
You visited 1 branch of the dungeon, and saw 5 of its levels.

You collected 198 gold pieces.

Inventory:

Hand Weapons
 a - a +0 war axe (weapon)
Armour
 b - a +0 robe (worn)
 c - a +0 kite shield (worn)
 h - a +0 cloak (worn)
   (You found it on level 1 of the Dungeon)
Magical Staves
 f - a staff of poison {rPois}
   (You found it on level 3 of the Dungeon)
Jewellery
 j - a ring of protection from fire (left hand) {rF+, !d}
   (You found it on level 5 of the Dungeon)
 k - an amulet of the acrobat (around neck)
   (You found it on level 5 of the Dungeon)
 m - a ring of positive energy (right hand) {rN+}
   (You found it on level 5 of the Dungeon)
Scrolls
 e - 2 scrolls of teleportation
 g - 2 scrolls of fear
 i - a scroll of identify
Potions
 d - a potion of heal wounds
 l - 2 potions of curing


   Skills:
 + Level 5.4 Fighting
 * Level 4.5 Axes
 + Level 3.7 Dodging
 + Level 4.1 Shields


You had 5 spell levels left.
You didn't know any spells.
Your spell library contained the following spells:

 Spells                   Type           Power      Damage    Failure   Level
 Summon Small Mammal      Summ           0%         N/A       69%         1
 Call Canine Familiar     Summ           0%         N/A       96%         3
 Summon Guardian Golem    Hex/Summ       0%         N/A       96%         3
 Hailstorm                Conj/Ice       0%         3d3       100%        4
 Ice Form                 Ice/Tmut       0%         N/A       100%        4
 Simulacrum               Ice/Necr       0%         N/A       100%        6


Dungeon Overview and Level Annotations

Branches:
Dungeon (5/15)             Temple (0/1) D:5

Altars:
Kikubaaqudgha

Annotations:
D:5 Grinder


Innate Abilities, Weirdness & Mutations

You are too large for most types of armour.
You have tough skin. (AC +1)
You have a pair of small horns on your head.
Your muscles are strong. (Str +4, Int/Dex -1)


Message History

You take 5 damage, and have 35/66 hp.
You closely miss the orc. Your headbutt misses the orc.
You block the orc's attack.
You closely miss the orc. The orc barely misses you.
You block the orc's attack.
You barely miss the orc. The orc closely misses you.
You closely miss the orc. Your headbutt misses the orc.
The orc hits you with a +0 club.
You take 3 damage, and have 33/66 hp.
You closely miss the orc. Your headbutt misses the orc.
The orc hits you with a +0 club. The orc hits you but does no damage.
You take 4 damage, and have 29/66 hp.
You barely miss the orc. The orc barely misses you.
You hit the orc.
The orc is heavily wounded.
You block the orc's attack. x2
You slash the orc!
You kill the orc!
Things that are here:
a +0 club; a +1 ring mail of poison resistance; an orc corpse You start resting.
You hear the slow rusting of a very distant drain.
You regained 5 hp, and now have 36/66 hp.
Found a stone staircase leading down.
You start resting.
You hear the rusting of a very distant drain.
You regained 10 hp, and now have 47/66 hp.
Found an iron ring.
Found a staircase to the Ecumenical Temple.
m - a ring of positive energy {rN+}
m - a ring of positive energy (right hand) {rN+} HP restored.
You hear the rusting of a very distant drain.
You hear the brisk rusting of a distant drain.
A gnoll sergeant and 2 gnolls come into view.
The gnoll sergeant shouts!
The gnoll shouts! x2
You see here a potion of might.
Health restored: 66 Warning x3: The gnoll sergeant can hit for moderate damage in melee, and throws nets!
The gnoll can hit for moderate damage in melee, and throws nets! x2
Unknown command.
Unknown command.
A gnoll comes into view. It is wielding a +0 club.
The gnoll shouts!
You see here a potion of might.
Danger x4: gnoll sergeant, gnoll x3!
n - a potion of might A howler monkey comes into view.
Grinder comes into view.
Danger x4: gnoll x2, Grinder (wandering), gnoll sergeant!
Unknown command.
Lua error: [string "/dgldir/rcfiles/crawl-git/Mgcat.rc"]:938: invalid capture index The gnoll sergeant closely misses you.
Warning x2: The gnoll sergeant can hit for moderate damage in melee, and throws nets!
The gnoll can hit for moderate damage in melee, and throws nets!
Spoiler Alert: The gnoll sergeant can hit for moderate damage in melee, and throws nets!
You feel very mighty all of a sudden. The gnoll sergeant closely misses you.
Warning x2: The gnoll sergeant can hit for moderate damage in melee, and throws nets!
The gnoll can hit for moderate damage in melee, and throws nets!
Warning x2: The gnoll sergeant can hit for moderate damage in melee, and throws nets!
The gnoll can hit for moderate damage in melee, and throws nets!
Warning x3: The gnoll sergeant can hit for moderate damage in melee, and throws nets!
The gnoll can hit for moderate damage in melee, and throws nets! x2
You block the gnoll sergeant's attack.
Warning x3: The gnoll sergeant can hit for moderate damage in melee, and throws nets!
The gnoll can hit for moderate damage in melee, and throws nets! x2
You hit the gnoll sergeant.
The gnoll sergeant is moderately wounded.
The gnoll sergeant hits you with a +0 trident.
You take 6 damage, and have 60/66 hp.
Danger x4: gnoll sergeant, gnoll x3!
You hit the gnoll sergeant.
The gnoll sergeant is moderately wounded.
The gnoll sergeant hits you with a +0 trident!
You take 9 damage, and have 51/66 hp.
You barely miss the gnoll sergeant.
The gnoll sergeant is moderately wounded.
The gnoll sergeant hits you with a +0 trident!
The gnoll sergeant hits you with a +0 trident.
You take 17 damage, and have 34/66 hp.
MASSIVE DAMAGE!!
Danger x4: gnoll sergeant, gnoll x3!
You slash the gnoll sergeant!
The gnoll sergeant is severely wounded.
You block the gnoll sergeant's attack.
You barely miss the gnoll sergeant.
The gnoll sergeant is severely wounded.
The gnoll sergeant hits you with a +0 trident!
You block the gnoll sergeant's attack.
You take 9 damage, and have 25/66 hp.
Danger x4: gnoll sergeant, gnoll x3!
The gnoll sergeant blocks your attack.
The gnoll sergeant is severely wounded.
You block the gnoll sergeant's attack.
You barely miss the gnoll sergeant.
The gnoll sergeant is severely wounded.
The gnoll sergeant hits you with a +0 trident!
* * * LOW HITPOINT WARNING * * *
The gnoll sergeant hits you with a +0 trident.
* * * LOW HITPOINT WARNING * * *
You take 16 damage, and have 9/66 hp.
MASSIVE DAMAGE!!
Danger x4: gnoll sergeant, gnoll x3!
The gnoll sergeant blocks your attack. x2
The gnoll sergeant is severely wounded.
The gnoll sergeant hits you with a +0 trident!
You die...

.###..##.#.............
.##.....#.#...##.....
.##...##.###..##..##
†##...##.........#
.##...######..##.#
.##...# #..##.# ......#
#..##.# . ........
...##.+ #$# .##.#...
##.###@# ..# .##.#...##
#. #g# 5.#..
(>...........###g#8...#
### . .......gg# ##
#?####.....g...
###.##...h .# ### ##


You could see a gnoll sergeant and 3 gnolls.

Vanquished Creatures
  An ogre (D:5)
  A hound (D:5)
  A gnoll bouda (D:4)
  A jelly (D:4)
  An orc wizard (D:3)
  3 adders (D:2)
  3 gnolls (D:4)
  An ufetubus (D:2)
  A worm (D:4)
  2 dart slugs
  8 orcs
  7 endoplasms
  5 goblins
  8 hobgoblins
  4 jackals (D:5)
  A quokka (D:1)
  5 ball pythons
  3 bats
  2 frilled lizards
  5 kobolds
  3 rats
66 creatures vanquished.

Notes
Turn   | Place    | Note
-------+----------+-------------------------------------------
     0 | D:1      | Mgcat the Ogre Fighter began the quest for the Orb.
     0 | D:1      | Reached XP level 1. HP: 24/24 MP: 1/1
   278 | D:1      | Reached XP level 2. HP: 18/32 MP: 2/2
  1188 | D:2      | Gained mutation: You have a pair of small horns on your
                  | head. [potion of mutation]
  1188 | D:2      | Gained mutation: Your muscles are strong. (Str +4, Int/Dex
                  | -1) [potion of mutation]
  1190 | D:2      | HP: 8/32 [poisoned by an adder]
  1193 | D:2      | Reached XP level 3. HP: 7/40 MP: 3/3
  1195 | D:2      | HP: 5/40 [poisoned by an adder]
  1482 | D:2      | HP: 8/40 [ufetubus (4)]
  1484 | D:2      | Reached skill level 3 in Dodging
  1972 | D:2      | Reached skill level 3 in Axes
  2205 | D:2      | Reached XP level 4. HP: 34/49 MP: 4/4
  3063 | D:3      | Found a faded altar of an unknown god.
  3067 | D:3      | Found an ancient bone altar of Kikubaaqudgha.
  3406 | D:3      | Reached XP level 5. HP: 44/55 MP: 5/5
  3506 | D:4      | Found the amulet of the Air {Inacc Air Fly rElec RMsl}
  3921 | D:4      | Reached skill level 5 in Fighting
  3927 | D:4      | Reached skill level 4 in Axes
  4106 | D:4      | Noticed an ogre
  4347 | D:5      | Entered Level 5 of the Dungeon
  4461 | D:5      | Noticed an ogre
  4462 | D:5      | Reached XP level 6. HP: 56/66 MP: 6/6
  4475 | D:5      | Reached skill level 4 in Shields
  4637 | D:5      | Found a staircase to the Ecumenical Temple.
  4748 | D:5      | Noticed Grinder
  4761 | D:5      | HP: 15/66 [gnoll sergeant/+0 trident (10)]
  4762 | D:5      | Slain by a gnoll sergeant

Illustrated notes

Levels and vault maps discovered:
D:1:      lemuel_arrival_lava_pool, layout_basic
D:2:      layout_loops_corners, serial_glass, glass_columns_a, glass_columns_c
D:3:      layout_basic, nicolae_overflow_ecumenical_swirl
D:4:      layout_layer_cave, abandoned_shop
D:5:      layout_loops_ring, minmay_temple_entry_tees, gup_sewer_entry_pipe,
          nrook_pool_corridor, minivault_1, uniq_grinder

Skill      XL: |  1  2  3  4  5  6 |
---------------+-------------------+-----
Dodging        | 3 |  3.7
Axes           | 3 4 |  4.5
Fighting       | 5 |  5.4
Shields        | 4 |  4.1

Action                   |  1- 3 |  4- 6 || total
-------------------------+-------+-------++-------
Melee: War axe           |    90 |   129 ||   219
       Headbutt          |     4 |    13 ||    17
  Use: Scroll            |     3 |     3 ||     6
       Potion            |     2 |     2 ||     4
Armor: Robe              |    49 |    33 ||    82
Dodge: Dodged            |    50 |    51 ||   101
Block: Kite shield       |    41 |    68 ||   109

Table legend: (Time is in decaauts)
 A = Elapsed time spent in this place.
 B = Non-inter-level travel time spent in this place.
 C = Inter-level travel time spent in this place.
 D = Time resting spent in this place.
 E = Time spent auto-exploring this place.
 F = Levels seen in this place.
 G = Mean time per level.
                   A        B        C        D        E       F      G
               +--------+--------+--------+--------+--------+-----+--------+
         Total |   4876 |   4632 |    244 |   1150 |   2691 |   5 |  975.2 |
       Dungeon |   4876 |   4632 |    244 |   1150 |   2691 |   5 |  975.2 |
               +--------+--------+--------+--------+--------+-----+--------+

Top non-repeatable levels by time:
     D:1: 1358 daAuts
     D:2: 1274 daAuts
     D:3: 1055 daAuts
     D:4: 756 daAuts
     D:5: 431 daAuts

Table legend:
 A = Kills in this place as a percentage of kills in entire the game.
 B = Kills by you in this place as a percentage of kills by you in the entire game.
 C = Kills by friends in this place as a percentage of kills by friends in the entire game.
 D = Other kills in this place as a percentage of other kills in the entire game.
 E = Experience gained in this place as a percentage of experience gained in the entire game.
 F = Experience gained in this place divided by the number of levels of this place that you have seen.
                   A       B       C       D       E      F
               +-------+-------+-------+-------+-------+----------------------
         Total | 100.0 | 100.0 |   N/A |   N/A | 100.0 |  95.8
       Dungeon | 100.0 | 100.0 |   N/A |   N/A | 100.0 |  95.8
               +-------+-------+-------+-------+-------+----------------------
